 Dungeon Crawl Stone Soup version 0.19.1-28-ge1247f7 (webtiles) character file.

31905 Alarkh the Cleaver (level 13, 0/151 HPs)
             Began as a Demonspawn Monk on Jan 21, 2017.
             Was a High Priest of Trog.
             Slain by an orc warrior
             ... wielding a +0 trident
              (33 damage)
             ... on level 2 of the Orcish Mines.
             The game lasted 00:27:04 (17135 turns).

Alarkh the Cleaver (Demonspawn Monk)               Turns: 17135, Time: 00:27:05

Health: 0/151      AC:  6    Str: 16    XL:     13   Next: 28%
Magic:  13/13      EV: 22    Int: 16    God:    Trog [*****.]
Gold:   1407       SH:  0    Dex: 17    Spells: 0 memorised, 12 levels left

rFire  + . .     SeeInvis .     a - +5 hand axe (venom)
rCold  . . .     Gourm    .     g - +0 troll leather armour
rNeg   . . .     Faith    .     (no shield)
rPois  .         Spirit   .     (helmet unavailable)
rElec  .         Reflect  .     v - +0 cloak
rCorr  .         Harm     .     (no gloves)
MR     .....                    (no boots)
Stlth  ..........               (no amulet)
                                i - ring of stealth
                                x - ring of protection from fire

@: berserking, repel missiles, very quick
A: horns 3, repulsion field 3, demonic guardian 1, nightstalker 2
a: Berserk, Trog's Hand, Brothers in Arms, Burn Spellbooks, Renounce Religion


You were on level 2 of the Orcish Mines.
You worshipped Trog.
Trog was extremely pleased with you.
You were not hungry.

You visited 4 branches of the dungeon, and saw 16 of its levels.

You collected 1407 gold pieces.

Inventory:

Hand Weapons
 a - a +5 hand axe of venom (weapon)
 b - a +0 broad axe
 w - a +0 scimitar of flaming
Missiles
 s - 5 throwing nets (quivered)
Armour
 g - a +0 troll leather armour (worn)
 q - a +1 robe of cold resistance
 v - a +0 cloak (worn)
 I - a +1 leather armour of poison resistance
Jewellery
 i - a ring of stealth (right hand)
 m - an uncursed ring of ice
 n - an uncursed ring of resist corrosion
 x - a ring of protection from fire (left hand)
Wands
 y - a wand of teleportation (2/9)
 F - a wand of paralysis (10/24)
 O - a wand of hasting (2/9)
 Q - a wand of heal wounds (2/9)
Scrolls
 d - 7 scrolls of remove curse
 e - a scroll of identify
 h - 3 scrolls of amnesia {unknown}
 k - 3 scrolls of recharging
 l - 4 scrolls of teleportation
 p - a scroll of enchant armour {unknown}
 t - 3 scrolls of blinking
 E - 3 scrolls of magic mapping {unknown}
 H - 2 scrolls of enchant weapon {unknown}
 L - a scroll of noise {unknown}
 T - a scroll of acquirement {unknown}
Potions
 f - 2 potions of flight
 j - a potion of magic {unknown}
 o - 6 potions of curing
 r - a potion of haste
 A - 3 potions of agility
 R - 5 potions of heal wounds
Comestibles
 c - 11 bread rations
 u - 8 chunks of flesh


   Skills:
 + Level 9.1 Fighting
 * Level 14.4 Axes
 + Level 7.9 Armour
 + Level 8.5 Dodging
 + Level 7.3 Stealth


You had 12 spell levels left.
You didn't know any spells.

Dungeon Overview and Level Annotations

Branches:
Dungeon (11/15)            Temple (1/1) D:6            Lair (2/6) D:10
  Swamp (0/4) Lair:2          Orc (2/2) D:11
  Snake: Lair:2-4    Spider: Lair:2-4       Elf: Orc:2

Altars:
Ashenzari
Cheibriados
Dithmenos
Elyvilon
Fedhas
Gozag
Hepliaklqana
Kikubaaqudgha
Makhleb
Nemelex Xobeh
Okawaru
Qazlal
Ru
Sif Muna
Trog
Uskayaw
Vehumet
Xom
Yredelemnul
Zin
The Shining One

Annotations:
D:3 1 runed door
Lair:2 bosm's ghost, journeyman MfTm


Innate Abilities, Weirdness & Mutations

You have a pair of large horns on your head.
You are surrounded by a strong repulsion field. (EV +4, RMsl)
A weak demonic guardian rushes to your aid.
You are significantly more attuned to the shadows.


Message History

The orc warrior hits you with a dire flail!
* * * LOW HITPOINT WARNING * * *
Your iron imp hits the orc warrior but does no damage.
Your quasit barely misses the orc warrior.
Your quasit claws the orc warrior but does no damage. x2
You slash the orc sorcerer!
The orc sorcerer looks as sick as possible!
You headbutt the orc sorcerer.
You kill the orc sorcerer!
Trog accepts your kill.
Trog appreciates your killing of a magic user.
The hellwing disappears in a puff of smoke!
You hit the orc warrior but do no damage.
You closely miss the orc warrior.
The orc warrior is severely wounded.
You closely miss the orc wizard.
Your quasit closely misses the orc warrior.
Your quasit claws the orc warrior but does no damage. x2
The orc warrior hits you from afar with a trident!!
You die...

# ## .### ...# .#.## .
....### .. ....#.# ...
......### ###oo..
........## ###@ooo..
.........# ###.§o5o...
.........###....5...$#
..##).(.(...........##
..#.).(...##.......##
....))<....#..##.###
#.##..)....#### ##
.##..)...... #
##........#


You could see an orc knight, 2 orc warriors, an orc priest, an orc wizard, 2
orcs, a friendly iron imp and a friendly quasit.

Vanquished Creatures
  Gastronok (D:11)
  2 stone giants
  Fannar (D:11)
  A hydra (Lair:1)
  Erica (Lair:2)
  Sonja (Lair:2)
  A wizard (D:10)
  3 hill giants
  2 orc knights (Orc:1)
  3 orc sorcerers
  A cyclops (D:11)
  5 elephants (Lair:2)
  The ghost of bosm the Insei, a novice OpTm of Makhleb (D:5)
  A black mamba (Lair:1)
  A centaur zombie (D:11)
  Maurice (D:10)
  A gargoyle (D:9)
  3 spiny frogs (Lair:1)
  A komodo dragon (Lair:1)
  2 trolls (Orc:2)
  A queen bee (Lair:2)
  A hornet (D:9)
  2 two-headed ogres (D:11)
  2 hippogriffs (Lair:2)
  Prince Ribbit (D:8)
  6 blink frogs
  A large abomination (D:10)
  A wyvern (Lair:2)
  4 hogs (D:7)
  A human (D:7)
  A hill giant zombie (D:11)
  4 small abominations (D:10)
  29 yaks
  Grum (Lair:1)
  Menkaure (D:4)
  3 wargs
  2 water moccasins
  4 porcupines
  11 orc warriors
  2 ice beasts
  3 phantoms
  A black bear (Lair:1)
  6 ogres
  3 sky beasts
  3 wolves
  3 crocodiles
  3 centaurs
  2 big kobolds
  Blork the orc (D:5)
  6 bullfrogs
  A water moccasin zombie (D:7)
  A wyvern skeleton (D:8)
  3 scorpions
  26 killer bees
  6 crimson imps
  A gnoll shaman (D:10)
  6 orc priests
  3 jellies
  2 centaur skeletons
  Crazy Yiuf (D:2)
  5 hounds
  15 orc wizards
  A bullfrog skeleton (D:9)
  3 iguanas
  5 worker ants
  6 ogre zombies (D:11)
  12 adders
  6 gnolls
  A shadow imp (D:5)
  3 oozes
  An adder skeleton (D:9)
  3 worms
  5 dart slugs
  5 leopard geckos
  43 orcs
  6 bats
  5 giant cockroaches
  8 goblins
  6 hobgoblins
  5 jackals (D:1)
  15 kobolds
  A quokka (D:11)
  14 frilled lizards
  A goblin skeleton (D:11)
  A goblin zombie (D:11)
  A hobgoblin skeleton (D:11)
  5 hobgoblin zombies (D:11)
  A jackal skeleton (D:4)
  A leopard gecko zombie (D:5)
  2 orc skeletons (D:11)
  14 orc zombies (D:11)
  11 rats
  10 fungi
  11 plants
424 creatures vanquished.

Vanquished Creatures (collateral kills)
  Urug (D:10)
  2 yaks
  A hungry ghost (D:11)
  A phantom (D:11)
  2 centaurs
  3 killer bees (Lair:2)
  A crimson imp (D:10)
  2 orc priests (D:3)
  A hound (D:7)
  A gnoll (D:10)
  3 orcs
  A bat (D:3)
  An orc skeleton (D:11)
20 creatures vanquished.

Vanquished Creatures (others)
  A bush (Lair:1)
  27 fungi
  11 plants
39 creatures vanquished.

Grand Total: 483 creatures vanquished

Notes
Turn   | Place    | Note
-------+----------+-------------------------------------------
     0 | D:1      | Alarkh the Demonspawn Monk began the quest for the Orb.
     0 | D:1      | Reached XP level 1. HP: 18/18 MP: 1/1
    41 | D:1      | Reached skill level 3 in Axes
   105 | D:1      | Gained mutation: A weak demonic guardian rushes to your aid. [demonic ancestry]
   105 | D:1      | Reached XP level 2. HP: 17/24 MP: 2/2
   832 | D:1      | Gained mutation: You are surrounded by a mild repulsion field. (EV +2) [demonic ancestry]
   832 | D:1      | Reached XP level 3. HP: 17/29 MP: 3/3
  1135 | D:1      | Reached skill level 4 in Axes
  1604 | D:2      | Found a runed door.
  1633 | D:2      | Found a bloodstained altar of Trog.
  1637 | D:2      | Gained mutation: You are surrounded by a moderate repulsion field. (EV +3) [demonic ancestry]
  1637 | D:2      | Reached XP level 4. HP: 35/35 MP: 4/4
  1641 | D:2      | Became a worshipper of Trog the Wrathful
  1641 | D:2      | Reached * piety under Trog
  1641 | D:2      | Reached ** piety under Trog
  2510 | D:2      | Noticed Crazy Yiuf
  2515 | D:2      | Killed Crazy Yiuf
  2515 | D:2      | Reached skill level 5 in Axes
  2596 | D:3      | Found a faded altar of an unknown god.
  2621 | D:3      | Gained mutation: You are slightly more attuned to the shadows. [demonic ancestry]
  2621 | D:3      | Reached XP level 5. HP: 30/41 MP: 5/5
  2938 | D:3      | Found a runed door.
  2938 | D:3      | Found a white marble altar of Elyvilon.
  2938 | D:3      | Noticed an angel
  3613 | D:5      | Entered Level 5 of the Dungeon
  3634 | D:5      | Reached skill level 6 in Axes
  3788 | D:5      | Found a burning altar of Makhleb.
  3963 | D:5      | Noticed Blork the orc
  3966 | D:5      | Noticed bosm's ghost (novice OpTm)
  3984 | D:5      | Killed Blork the orc
  3984 | D:5      | Gained mutation: You are surrounded by a strong repulsion field. (EV +4, RMsl) [demonic ancestry]
  3984 | D:5      | Reached XP level 6. HP: 47/47 MP: 6/6
  4066 | D:4      | Noticed Menkaure
  4074 | D:4      | Killed Menkaure
  4100 | D:4      | Reached skill level 7 in Axes
  4550 | D:4      | Reached *** piety under Trog
  4610 | D:4      | Gained mutation: You have a pair of small horns on your head. [demonic ancestry]
  4610 | D:4      | Reached XP level 7. HP: 43/52 MP: 7/7
  4949 | D:5      | Killed bosm's ghost
  4949 | D:5      | Reached skill level 8 in Axes
  5456 | D:6      | Reached skill level 9 in Axes
  5456 | D:6      | Reached XP level 8. HP: 33/58 MP: 8/8
  5754 | D:6      | Found a staircase to the Ecumenical Temple.
  5762 | Temple   | Entered the Ecumenical Temple
  6267 | D:7      | Reached skill level 10 in Axes
  6367 | D:7      | Reached skill level 1 in Armour
  6515 | D:7      | Gained mutation: You have a pair of horns on your head. [demonic ancestry]
  6515 | D:7      | Reached XP level 9. HP: 65/65 MP: 9/9
  7111 | D:8      | Noticed Prince Ribbit
  7122 | D:8      | Killed Prince Ribbit
  7122 | D:8      | Reached skill level 11 in Axes
  7289 | D:8      | Reached **** piety under Trog
  7353 | D:8      | Reached skill level 5 in Fighting
  7379 | D:8      | Gained mutation: You are significantly more attuned to the shadows. [demonic ancestry]
  7379 | D:8      | Reached XP level 10. HP: 26/74 MP: 10/10
  7961 | D:8      | Reached skill level 5 in Dodging
  9274 | D:10     | Entered Level 10 of the Dungeon
  9274 | D:10     | Noticed Maurice
  9275 | D:10     | Noticed a gargoyle
  9290 | D:9      | Killed a gargoyle
  9687 | D:10     | Found a staircase to the Lair.
  9698 | D:10     | Reached skill level 12 in Axes
  9717 | D:10     | Noticed Urug
  9796 | D:10     | Noticed a hill giant
  9817 | D:10     | Killed a hill giant
  9836 | D:10     | Killed Urug
  9839 | D:10     | Reached skill level 5 in Armour
 10012 | D:10     | Killed Maurice
 10012 | D:10     | Reached XP level 11. HP: 47/82 MP: 11/11
 10100 | D:10     | Reached ***** piety under Trog
 10162 | D:10     | Noticed a wizard
 10172 | D:10     | Killed a wizard
 10560 | Lair:1   | Entered Level 1 of the Lair of Beasts
 10779 | Lair:1   | Noticed a seven-headed hydra
 10921 | Lair:1   | Got a jewelled ring mail
 10967 | Lair:1   | Noticed Grum
 10975 | Lair:1   | Killed Grum
 11275 | Lair:1   | Identified the cursed +1 ring mail "Yqoxeawe" {Str+3} (You found it on level 1 of the Lair of Beasts)
 11735 | Lair:1   | Reached skill level 13 in Axes
 12027 | Lair:2   | Reached skill level 5 in Stealth
 12429 | Lair:2   | Noticed Sonja
 12547 | Lair:2   | Found a staircase to the Swamp.
 12600 | Lair:2   | Noticed Erica
 12724 | Lair:2   | Noticed bosm's ghost (journeyman MfTm)
 12851 | Lair:2   | Gained mutation: You have a pair of large horns on your head. [demonic ancestry]
 12851 | Lair:2   | Reached XP level 12. HP: 63/91 MP: 12/12
 13032 | Lair:2   | Killed Erica
 13166 | Lair:2   | Killed Sonja
 13274 | Lair:2   | Received a gift from Trog
 13601 | Lair:1   | Killed a four-headed hydra
 14016 | D:11     | Found a staircase to the Orcish Mines.
 14671 | D:11     | Noticed Gastronok
 14821 | D:11     | Killed Gastronok
 14821 | D:11     | Reached skill level 14 in Axes
 15475 | D:11     | Noticed Fannar
 15501 | D:11     | Killed Fannar
 15713 | Orc:1    | Entered Level 1 of the Orcish Mines
 15855 | Orc:1    | Reached XP level 13. HP: 100/100 MP: 13/13
 16152 | Orc:1    | Received a gift from Trog
 16165 | Orc:1    | Noticed a stone giant
 16195 | Orc:1    | Killed a stone giant
 16634 | Orc:2    | Entered Level 2 of the Orcish Mines
 16634 | Orc:2    | Noticed a stone giant
 16645 | Orc:2    | Killed a stone giant
 17124 | Orc:2    | Paralysed by an orc sorcerer for 6 turns
 17135 | Orc:2    | Slain by an orc warrior

Skill      XL: |  1  2  3  4  5  6  7  8  9 10 11 12 13 |
---------------+----------------------------------------+-----
Axes           | 3 4 5 6 7 9 10 11 12 13 14 | 14.4
Armour         | 1 3 5 6 7 |  7.9
Dodging        | 3 4 6 7 8 |  8.5
Fighting       | 5 6 7 8 9 |  9.1
Stealth        | 3 5 6 7 |  7.3

Action                   |  1- 3 |  4- 6 |  7- 9 | 10-12 | 13-15 || total
-------------------------+-------+-------+-------+-------+-------++-------
Melee: Hand axe          |   119 |   183 |   200 |   753 |   148 ||  1403
       Headbutt          |       |       |    30 |   143 |    30 ||   203
       Scimitar          |       |       |       |     4 |       ||     4
Invok: Berserk           |       |     3 |     2 |    15 |     4 ||    24
       Burn Spellbooks   |       |       |       |     1 |       ||     1
  Use: Scroll            |     2 |     5 |       |    11 |       ||    18
       Potion            |     1 |       |       |       |       ||     1
 Stab: Sleeping          |     4 |     6 |     6 |    19 |     4 ||    39
       Distracted        |       |     4 |     2 |    14 |     2 ||    22
  Eat: Chunk             |     2 |    13 |     9 |    34 |     8 ||    66
       Meat ration       |       |       |       |     1 |       ||     1
       Bread ration      |       |       |       |     1 |       ||     1
Armor: Robe              |    20 |    20 |    14 |       |       ||    54
       Leather armour    |       |       |     8 |    71 |     1 ||    80
       Troll leather arm |       |       |       |       |     7 ||     7
Dodge: Dodged            |    87 |   120 |   109 |   537 |    79 ||   932
       Deflected         |       |       |     3 |    11 |     2 ||    16
